 Dungeon Crawl Stone Soup version 0.32-a0-290-g598725c5f2 (webtiles) character file.

Game seed: 11289508446425077317

21343 zureal the Cleaver (level 12, -6/115 HPs)
             Began as a Minotaur Berserker on Feb 13, 2024.
             Was a High Priest of Trog.
             Mangled by Frances
             ... wielding a +0 dire flail
              (15 damage)
             ... on level 13 of the Dungeon.
             The game lasted 00:28:36 (12649 turns).

zureal the Cleaver (Minotaur Berserker)            Turns: 12649, Time: 00:28:39

Health: -6/115     AC: 21    Str: 26    XL:     12   Next: 53%
Magic:  11/11      EV:  8    Int:  4    God:    Trog [*****.]
Gold:   1394       SH:  9    Dex: 11    Spells: 11/11 levels left

rFire   . . .        a - +3 broad axe
rCold   . . .        l - +2 buckler {AC+3}
rNeg    . . .        i - +1 plate armour
rPois   .            (helmet restricted)
rElec   .            (no cloak)
rCorr   .            x - +0 pair of gloves
SInv    +            (no boots)
Will    .....        (no amulet) Stlth
                     y - ring of see invisible
HPRegen 0.39/turn    (no ring)
MPRegen 0.12/turn

%: no passive effects
@: no status effects
A: horns 2, retaliatory headbutt
a: Renounce Religion, Berserk, Trog's Hand, Brothers in Arms


You were on level 13 of the Dungeon.
You worshipped Trog.
Trog was extremely pleased with you.
You visited 2 branches of the dungeon, and saw 14 of its levels.

You collected 1767 gold pieces.
You spent 373 gold pieces at shops.

Inventory:

Hand Weapons
 a - a +3 broad axe (weapon)
 f - a +0 flail
 g - a +2 flail of pain
 z - a +0 war axe of protection
Missiles
 D - a throwing net (quivered)
Armour
 i - a +1 plate armour (worn)
 l - a +2 buckler of protection (worn)
 x - a +0 pair of gloves (worn)
 E - a +0 kite shield
Jewellery
 b - a ring of flight
 y - a ring of see invisible (left hand)
Wands
 d - a wand of light (4)
 j - a wand of flame (20)
 r - a wand of roots (9)
Scrolls
 c - 2 scrolls of enchant armour
 e - 12 scrolls of identify
 h - a scroll of revelation
 p - a scroll of fog
 u - 2 scrolls of teleportation
 w - a scroll of blinking
Potions
 k - 3 potions of berserk rage
 m - a potion of curing
 n - a potion of attraction
 o - a potion of mutation
 q - a potion of might
 s - 2 potions of cancellation
 v - 2 potions of enlightenment
 A - a potion of resistance
 B - a potion of haste {unknown}
 C - 2 potions of heal wounds
Miscellaneous
 t - a phantom mirror


   Skills:
 + Level 13.1 Fighting
 + Level 13.2 Axes
 + Level 12.9 Armour
 - Level 2.1 Dodging
 + Level 12.4 Shields


You had 11 spell levels left.
You didn't know any spells.
Your spell library was empty.

Dungeon Overview and Level Annotations

Branches:
Dungeon (13/15)            Temple (0/1) D:6            Lair (1/5) D:11
    Orc (0/2) D:9
 Vaults: D:13-14

Altars:
Fedhas
Hepliaklqana
Nemelex Xobeh
Qazlal
Ru
Uskayaw
Wu Jian
Yredelemnul
Zin

Shops:
D:2 [   D:9 [

Annotations:
D:13 Frances


Innate Abilities, Weirdness & Mutations

You have a pair of horns on your head.
You reflexively headbutt those who attack you in melee.


Message History

Frances shouts!
Frances whispers indecipherable words.
The shard of ice hits you!!
Frances mutters in a terrible tongue.
Frances chants phrases taken from a devil's mouth.
There is an escape hatch in the floor here.
A hellwing is nearby!
The hellwing attacks as it pursues you! You block the hellwing's attack.
The hellwing closely misses you.
You barely miss the hellwing. You headbutt the hellwing!
The hellwing is moderately wounded.
The hellwing hits you but does no damage. x2
You hit the hellwing.
The hellwing is moderately wounded.
The hellwing hits you. The hellwing barely misses you.
You hit the hellwing but do no damage.
The hellwing is moderately wounded.
You barely miss Frances. You hit Frances but do no damage.
Frances hits you with a +0 dire flail!!
You slash Frances! You headbutt Frances!
Frances is lightly wounded.
Frances hits you with a +0 dire flail.
You hit Frances. Your headbutt misses Frances.
Frances is lightly wounded.
Frances hits you with a +0 dire flail!!
You slice Frances!!
Frances is moderately wounded.
Frances hits you with a +0 dire flail!
* * * LOW HITPOINT WARNING * * *
You closely miss Frances. You headbutt Frances!
Frances is moderately wounded.
Frances chants phrases taken from a devil's mouth.
Frances seems to speed up.
You slash Frances!
Frances is heavily wounded.
Frances whispers indecipherable words.
The shard of ice hits you!!
* * * LOW HITPOINT WARNING * * *
Frances hits you with a +0 dire flail!
You die...

#.#.# #.# #.#.# #.# #.#.#
#.# # #.#.###.##.##..
#.#.<..........
#[#####.##..... #.# #.#
###. #######.#####)#####
#...>.......@#....##.####
#.#####.#####@###..^.....
#####.# #...@)..#
####.#### 4.....#
######### # #######


You could see Frances (fast).

Vanquished Creatures
  Snorg (D:10)
  Josephine (D:10)
  A centaur warrior (D:13)
  5 two-headed ogres
  2 cyclopes (D:12)
  3 manticores (D:11)
  Joseph (D:8)
  A gargoyle (D:9)
  2 unseen horrors
  A kobold demonologist (D:9)
  3 trolls
  Grinder (D:4)
  Sigmund (D:3)
  A vampire (D:8)
  31 yaks
  6 wraiths
  2 wyverns
  Eustachio (D:5)
  A warg (D:8)
  A human (D:9)
  A steam dragon (D:9)
  3 vampire mosquitoes (D:12)
  2 acid dragons (D:9)
  Edmund (D:4)
  Menkaure (D:6)
  3 water moccasins
  An ice beast (D:8)
  7 orc warriors
  A sky beast (D:7)
  2 black bears (D:5)
  An ogre (D:5)
  7 centaurs
  3 phantoms
  A kobold brigand (D:9)
  4 bullfrogs
  Blork the orc (D:6)
  3 gnoll sergeants
  5 scorpions
  6 wights
  6 killer bees
  4 howler monkeys
  A bombardier beetle (D:6)
  2 jellies
  10 orc priests
  4 hounds
  Ijyb (D:4)
  2 iguanas
  14 orc wizards
  Robin (D:2)
  9 gnolls
  6 adders
  3 shadow imps
  2 ufetubi
  A dart slug (D:3)
  2 ribbon worms
  48 orcs
  3 ball pythons
  6 endoplasms
  5 giant cockroaches
  17 goblins
  7 hobgoblins
  3 quokkas (D:2)
  13 bats
  5 frilled lizards
  11 kobolds
  6 rats
311 creatures vanquished.

Notes
Turn   | Place    | Note
-------+----------+-------------------------------------------
     0 | D:1      | zureal the Minotaur Berserker began the quest for the Orb.
     0 | D:1      | Reached XP level 1. HP: 19/19 MP: 0/0
   155 | D:1      | Reached XP level 2. HP: 26/27 MP: 1/1
   610 | D:2      | Reached XP level 3. HP: 33/33 MP: 2/2
   657 | D:2      | Noticed Robin
   666 | D:2      | Killed Robin
   667 | D:2      | Reached ** piety under Trog
   670 | D:2      | Reached XP level 4. HP: 18/41 MP: 3/3
   941 | D:2      | Found Ridaok's Armour Shop.
  1377 | D:3      | Reached skill level 1 in Shields
  1459 | D:3      | Noticed Sigmund
  1469 | D:3      | Reached XP level 5. HP: 47/47 MP: 4/4
  1475 | D:3      | Killed Sigmund
  1476 | D:3      | Reached skill level 5 in Fighting
  1476 | D:3      | Reached skill level 5 in Axes
  1476 | D:3      | Reached XP level 6. HP: 56/56 MP: 5/5
  1491 | D:3      | Reached *** piety under Trog
  2013 | D:4      | Noticed Edmund
  2021 | D:4      | Killed Edmund
  2022 | D:4      | Reached skill level 5 in Armour
  2022 | D:4      | Reached XP level 7. HP: 61/62 MP: 6/6
  2305 | D:4      | Noticed Grinder
  2317 | D:4      | Killed Grinder
  2825 | D:4      | Noticed Ijyb
  2836 | D:4      | Killed Ijyb
  3024 | D:5      | Entered Level 5 of the Dungeon
  3034 | D:5      | Reached XP level 8. HP: 64/71 MP: 7/7
  3073 | D:5      | Reached skill level 5 in Shields
  3370 | D:5      | Reached **** piety under Trog
  3489 | D:5      | Found a basalt altar of Yredelemnul.
  3493 | D:5      | Found a hazy altar of Hepliaklqana.
  3498 | D:5      | Found a sparkling altar of Nemelex Xobeh.
  3769 | D:6      | Noticed Eustachio
  3786 | D:5      | Killed Eustachio
  3800 | D:5      | Reached XP level 9. HP: 45/81 MP: 8/8
  3938 | D:6      | Found a staircase to the Ecumenical Temple.
  4034 | D:6      | Noticed Blork the orc
  4041 | D:6      | Killed Blork the orc
  4151 | D:6      | Found a sacrificial altar of Ru.
  4333 | D:6      | Noticed Menkaure
  4338 | D:6      | Killed Menkaure
  4778 | D:7      | Found a stormy altar of Qazlal.
  4787 | D:7      | Found a blossoming altar of Fedhas.
  5121 | D:7      | Found an ornate altar of the Wu Jian Council.
  5271 | D:7      | Found a glowing silver altar of Zin.
  5274 | D:7      | Found a hide-covered altar of Uskayaw.
  5914 | D:8      | Noticed a two-headed ogre
  5919 | D:8      | Killed a two-headed ogre
  6010 | D:8      | Noticed Joseph
  6028 | D:8      | Killed Joseph
  6029 | D:8      | Reached XP level 10. HP: 78/88 MP: 9/9
  6535 | D:8      | Identified a scroll of acquirement
  6612 | D:8      | Acquired 1260 gold pieces
  6745 | D:2      | Bought a +2 buckler of protection for 301 gold pieces
  6939 | D:8      | HP: 3/93 [something (10)]
  7417 | D:9      | Noticed a sun demon
  7434 | D:8      | Reached skill level 10 in Fighting
  7434 | D:8      | Reached skill level 10 in Axes
  7560 | D:9      | Noticed a gargoyle
  7566 | D:9      | Killed a gargoyle
  7784 | D:9      | Reached skill level 10 in Armour
  7793 | D:9      | Reached ***** piety under Trog
  7811 | D:9      | Noticed a two-headed ogre
  7817 | D:9      | Killed a two-headed ogre
  7825 | D:9      | HP: 4/94 [orc warrior/+0 halberd (6)]
  8100 | D:9      | Found Biataf's Armour Boutique.
  8145 | D:9      | Reached XP level 11. HP: 88/101 MP: 10/10
  8150 | D:9      | Noticed a sun demon
  8153 | D:9      | Reached skill level 10 in Shields
  8301 | D:9      | Found a staircase to the Orcish Mines.
  8323 | D:9      | Bought a +0 pair of gloves for 72 gold pieces
  8624 | D:10     | Entered Level 10 of the Dungeon
  9003 | D:10     | Noticed Josephine
  9032 | D:10     | Killed Josephine
  9489 | D:10     | Noticed Snorg
  9507 | D:10     | Killed Snorg
  9873 | D:11     | Noticed a two-headed ogre
  9873 | D:11     | Found a staircase to the Lair.
  9880 | D:11     | Killed a two-headed ogre
 10269 | D:11     | Noticed a two-headed ogre
 10302 | D:10     | Killed a two-headed ogre
 10353 | D:11     | Received a gift from Trog
 10664 | Lair:1   | Entered Level 1 of the Lair of Beasts
 10706 | Lair:1   | Reached XP level 12. HP: 87/113 MP: 11/11
 10995 | D:11     | Noticed a two-headed ogre
 11002 | D:11     | Killed a two-headed ogre
 12550 | D:13     | Noticed a centaur warrior
 12558 | D:13     | Killed a centaur warrior
 12610 | D:13     | Noticed Frances
 12649 | D:13     | Mangled by Frances

Illustrated notes

Levels and vault maps discovered:
D:1:      saegor_arrival_simple_d, layout_rooms, serial_bayou_pond_d
D:2:      layout_basic, serial_shops, shop, uniq_robin
D:3:      kennysheep_the_goblin_king, layout_rooms, serial_glass,
          glass_columns_a, glass_columns_a, glass_columns_b, glass_columns_a,
          nicolae_figureground_sparkle, uniq_sigmund
D:4:      layout_loops_ring, uniq_grinder, uniq_ijyb, uniq_edmund
D:5:      layout_basic, grunt_temple_overflow_diamond
D:6:      old_forge, layout_loops_ring, nicolae_ru_awakened_eye,
          minmay_temple_entry_mini_moons, uniq_eustachio, uniq_menkaure,
          uniq_blork_the_orc
D:7:      layout_layer_cave, grunt_temple_overflow_forces_of_nature,
          nicolae_overflow_hidden_temple, minmay_misc_feat_rugged
D:8:      layout_rooms, serial_aquarium, aquarium_bridge_straight
          [aquarium_subvault_bridge, aquarium_subvault_window,
          aquarium_subvault_bridge, aquarium_subvault_window],
          aquarium_window_fake, aquarium_window_corner, aquarium_window_fake,
          aquarium_view_2b, aquarium_view_2c, aquarium_balcony_double_3,
          kennysheep_generic_room_13, uniq_joseph
D:9:      layout_cross, erik_orc_4, serial_shops, nicolae_stop_n_shop_2,
          grunt_ministairs_3, hex_medium, minmay_alternating_orb
D:10:     layout_loops_corners, uniq_snorg, uniq_josephine
D:11:     layout_small_grid, lair_entry_dummy
D:12:     layout_grid_maze
D:13:     layout_loops_ring, uniq_frances
Lair:1:   layout_chaotic_city

Skill      XL: |  1  2  3  4  5  6  7  8  9 10 11 12 |
---------------+-------------------------------------+-----
Axes           | 4 5 6 8 9 10 12 13 | 13.2
Fighting       | 4 5 6 8 9 10 12 13 | 13.1
Armour         | 3 4 5 6 7 9 10 12 | 12.9
Shields        | 1 2 3 4 6 8 9 11 12 | 12.4
Dodging        | |  2.1

Action                     |  1- 3 |  4- 6 |  7- 9 | 10-12 || total
---------------------------+-------+-------+-------+-------++-------
  Melee: Hand axe          |    50 |    43 |       |       ||    93
         Headbutt          |     6 |    13 |    50 |   132 ||   201
         War axe           |       |    37 |   251 |   426 ||   714
         Broad axe         |       |       |       |   154 ||   154
  Throw: Throwing net      |       |       |       |     1 ||     1
 Invoke: Berserk           |       |     1 |       |     4 ||     5
         Trog's Hand       |       |     1 |     4 |     1 ||     6
  Evoke: Wand              |       |     4 |       |       ||     4
    Use: Potion            |       |     3 |     1 |     4 ||     8
         Scroll            |       |     8 |     7 |     5 ||    20
   Stab: Distracted        |     1 |       |       |       ||     1
 Armour: Animal skin       |    38 |     4 |       |       ||    42
         Plate armour      |       |   102 |   250 |   666 ||  1018
  Dodge: Dodged            |    47 |    52 |    75 |   179 ||   353
  Block: Buckler           |       |    26 |    56 |   263 ||   345

Table legend: (Time is in decaauts)
 A = Elapsed time spent in this place.
 B = Non-inter-level travel time spent in this place.
 C = Inter-level travel time spent in this place.
 D = Time resting spent in this place.
 E = Time spent auto-exploring this place.
 F = Levels seen in this place.
 G = Mean time per level.
                   A        B        C        D        E       F      G
               +--------+--------+--------+--------+--------+-----+--------+
         Total |  12777 |  12117 |    660 |   2562 |   7170 |  14 |  912.6 |
       Dungeon |  12549 |  11889 |    660 |   2417 |   7170 |  13 |  965.3 |
          Lair |    227 |    227 |      0 |    145 |      0 |   1 |  227.0 |
               +--------+--------+--------+--------+--------+-----+--------+

Top non-repeatable levels by time:
    D:10: 1508 daAuts
     D:8: 1412 daAuts
     D:7: 1186 daAuts
    D:11: 1156 daAuts
     D:4: 1141 daAuts
     D:9: 1095 daAuts
    D:12: 1041 daAuts
     D:5: 963 daAuts
     D:6: 901 daAuts
     D:2: 885 daAuts
     D:1: 592 daAuts
     D:3: 554 daAuts
  Lair:1: 227 daAuts
    D:13: 110 daAuts
